 Dungeon Crawl Stone Soup version 0.23.2-1-ga50397a6bc (webtiles) character file.

Game seed: 12218693755180413301

1564 Gargoyl the Covered (level 8, -2/67 HPs)
             Began as a Centaur Abyssal Knight on May 20, 2019.
             Was a Priest of Lugonu.
             Slain by a killer bee (7 damage)
             ... on level 7 of the Dungeon.
             The game lasted 00:08:52 (6958 turns).

Gargoyl the Covered (Centaur Abyssal Knight)        Turns: 6958, Time: 00:08:53

Health: -2/67      AC: 16    Str: 16    XL:     8   Next: 58%
Magic:  11/11      EV:  0    Int: 11    God:    Lugonu [***...]
Gold:   418        SH:  7    Dex: 10    Spells: 7/7 levels left

rFire    + . .     SeeInvis .   a - +3 hand axe
rCold    + . .     Gourm    .   C - +0 shield
rNeg     . . .     Faith    .   k - +1 plate armour
rPois    .         Spirit   .   (helmet restricted)
rElec    .         Reflect  .   x - scarf {rC+ rF+}
rCorr    .         Harm     .   d - +2 pair of gloves
MR       .....                  (no barding)
Stlth    ..........             A - amulet of regeneration
HPRegen  0.61/turn              (no ring)
MPRegen  0.12/turn              z - +3 ring of slaying

@: very quick
A: large, hooves 3, horns 1, icy blue scales 1, deformed body, speed 2, tough
skin 3, no potion heal 1
a: Depart the Abyss, Bend Space, Banish, Renounce Religion


You were on level 7 of the Dungeon.
You worshipped Lugonu.
Lugonu was most pleased with you.
You were hungry.

You visited 1 branch of the dungeon, and saw 7 of its levels.
You visited the Abyss 1 time.

You collected 418 gold pieces.

Inventory:

Hand Weapons
 a - a +3 hand axe (weapon)
Missiles
 f - 10 tomahawks (quivered)
Armour
 d - a +2 pair of gloves (worn)
 k - a +1 plate armour (worn)
 p - a +0 helmet
 x - a scarf of resistance (worn)
 C - a +0 shield (worn)
Jewellery
 z - a +3 ring of slaying (right hand)
 A - an amulet of regeneration (around neck)
Wands
 s - a wand of flame (15)
 v - a wand of enslavement (9)
 w - a wand of scattershot (6)
 y - a wand of random effects (16)
Scrolls
 b - 2 scrolls of fear
 e - 3 scrolls of blinking
 h - 3 scrolls of remove curse
 B - a scroll of teleportation
Potions
 i - 2 potions of flight
 m - a potion of magic {unknown}
 n - a potion of curing
 o - a potion of heal wounds {unknown}
 q - a potion of lignification {unknown}
 t - a potion of brilliance {unknown}
 u - a potion of haste
Comestibles
 c - 10 rations


   Skills:
 + Level 4.5 Fighting
 + Level 5.1 Axes
 + Level 0.2 Throwing
 * Level 5.2 Armour
 * Level 2.8 Dodging
 + Level 0.2 Shields
 * Level 4.7 Invocations


You had 7 spell levels left.
You didn't know any spells.
Your spell library contained the following spells:

 Spells                   Type           Power        Failure   Level  Hunger
 Freeze                   Ice            #...         100%        1    ##.....
 Throw Frost              Conj/Ice       #.....       100%        2    ###....
 Ozocubu's Armour         Chrm/Ice       #.......     100%        3    ####...
 Summon Ice Beast         Ice/Summ       #.......     100%        4    #####..
 Throw Icicle             Conj/Ice       #.......     100%        4    #####..


Dungeon Overview and Level Annotations

Branches:
Dungeon (7/15)             Temple (0/1) D:7

Altars:
Ashenzari
Cheibriados
Nemelex Xobeh
Trog
Xom


Innate Abilities, Weirdness & Mutations

You have hooves in place of feet.
Armour fits poorly on your strangely shaped body.
You cover ground very quickly.
You have extremely tough skin. (AC +3)
You have a pair of small horns on your head.
You are partially covered in icy blue scales. (AC +2)
Potions are less effective at restoring your health.


Message History

The killer bee stings you but does no damage.
The killer bee stings you.
* * * LOW HITPOINT WARNING * * *
The killer bee stings you.
* * * LOW HITPOINT WARNING * * *
The killer bee stings you.
* * * LOW HITPOINT WARNING * * *
You block the killer bee's attack.
Your system partially rejects the healing.
You feel better.
The killer bee stings you but does no damage. x4
You block the killer bee's attack. x2
Press: ? - help, Shift-Dir - straight line, f - killer bee
Aim: a killer bee (moderately wounded, chance to defeat MR: 88%)
You fail to use your ability.
The killer bee stings you but does no damage.
The killer bee stings you.
* * * LOW HITPOINT WARNING * * *
The killer bee stings you!
You die...

...#
####....#
...###
........#
.....#
.......#
#......
#.....#
.....#
#....##
##....
#.....#
##y.#
#.....###y@#
#......†.y##
#...##....#
.....##
###..## ....
##..# ...
#..# y.
#..## ## y
##..######.#
##.........#


You could see 3 killer bees.

Vanquished Creatures
  Sigmund (D:4)
  A phantom (D:7)
  An ice beast (D:6)
  An ogre (D:7)
  A centaur (D:7)
  A bullfrog (D:6)
  A scorpion (D:6)
  A killer bee (D:7)
  A howler monkey (D:6)
  2 crimson imps
  4 hounds
  3 orc wizards
  4 orc priests
  A jelly (D:6)
  Natasha (twice) (D:3)
  2 iguanas
  Terence (D:3)
  Robin (D:3)
  6 gnolls
  5 adders
  A shadow imp (D:6)
  An ooze (D:1)
  An adder zombie (D:6)
  A worm (D:2)
  6 dart slugs
  2 leopard geckos (D:2)
  21 orcs
  4 ball pythons
  6 bats
  3 giant cockroaches
  9 goblins
  9 hobgoblins
  14 jackals
  7 kobolds
  3 quokkas
  4 frilled lizards
  11 rats
143 creatures vanquished.

Vanquished Creatures (others)
  An orc warrior (D:7)
1 creature vanquished.

Grand Total: 144 creatures vanquished

Notes
Turn   | Place    | Note
-------+----------+-------------------------------------------
     0 | Abyss:1  | Gargoyl the Centaur Abyssal Knight began the quest for the
                  | Orb.
     0 | Abyss:1  | Reached XP level 1. HP: 19/19 MP: 2/2
    14 | Abyss:1  | Found a corrupted altar of Lugonu.
    57 | Abyss:2  | Found a corrupted altar of Lugonu.
    62 | Abyss:2  | Noticed a small abomination
    86 | Abyss:2  | Noticed a large abomination
    88 | D:1      | Escaped the Abyss
   129 | D:1      | Reached XP level 2. HP: 17/26 MP: 3/3
   132 | D:1      | Reached * piety under Lugonu
   653 | D:1      | Reached skill level 1 in Dodging
   653 | D:1      | Reached XP level 3. HP: 31/31 MP: 4/4
   875 | D:1      | Found a shattered altar of Ashenzari.
  1144 | D:2      | Reached XP level 4. HP: 26/38 MP: 6/6
  1156 | D:2      | Reached ** piety under Lugonu
  1726 | D:2      | Found a shimmering altar of Xom.
  1890 | D:3      | Reached XP level 5. HP: 22/45 MP: 7/7
  2136 | D:3      | Noticed Robin
  2150 | D:3      | Killed Robin
  2482 | D:3      | Noticed Natasha
  2892 | D:3      | Killed Natasha
  2940 | D:3      | Noticed Terence
  2955 | D:3      | Killed Terence
  3133 | D:3      | Reached XP level 6. HP: 50/52 MP: 8/8
  3196 | D:3      | Noticed Natasha
  3207 | D:3      | Killed Natasha
  3512 | D:4      | Noticed Sigmund
  3521 | D:4      | Killed Sigmund
  3785 | D:4      | Found a bloodstained altar of Trog.
  3785 | D:4      | Found a sparkling altar of Nemelex Xobeh.
  4021 | D:5      | Entered Level 5 of the Dungeon
  4189 | D:5      | Reached XP level 7. HP: 58/58 MP: 9/9
  4948 | D:6      | Reached *** piety under Lugonu
  5841 | D:6      | Reached XP level 8. HP: 66/66 MP: 11/11
  6562 | D:7      | Found a staircase to the Ecumenical Temple.
  6576 | D:7      | Found a snail-covered altar of Cheibriados.
  6625 | D:7      | Reached skill level 5 in Armour
  6913 | D:7      | Reached skill level 5 in Axes
  6953 | D:7      | Gained mutation: You are partially covered in icy blue
                  | scales. (AC +2) [potion of mutation]
  6953 | D:7      | Gained mutation: Potions are less effective at restoring
                  | your health. [potion of mutation]
  6953 | D:7      | Gained mutation: You have a pair of small horns on your
                  | head. [potion of mutation]
  6956 | D:7      | HP: 2/67 [killer bee (5)]
  6958 | D:7      | Slain by a killer bee

Skill      XL: |  1  2  3  4  5  6  7  8 |
---------------+-------------------------+-----
Axes           | 2 3 4 5 |  5.1
Dodging        | 1 2 |  2.8
Armour         | 2 3 4 5 |  5.2
Invocations    | 3 4 |  4.7
Fighting       | 4 |  4.5
Throwing       | |  0.2
Shields        | |  0.2

Action                   |  1- 3 |  4- 6 |  7- 9 || total
-------------------------+-------+-------+-------++-------
Melee: Hand axe          |   130 |   172 |   151 ||   453
       Kick              |    15 |    37 |    28 ||    80
Throw: Tomahawk          |       |     1 |     2 ||     3
Invok: Depart the Abyss  |     1 |       |       ||     1
       Banish            |       |       |     1 ||     1
  Use: Scroll            |     1 |    11 |     2 ||    14
       Potion            |     1 |       |     7 ||     8
  Eat: Chunk             |       |     8 |     4 ||    12
       Ration            |       |       |     1 ||     1
Armor: Leather armour    |    40 |       |       ||    40
       Ring mail         |    76 |    10 |       ||    86
       Plate armour      |       |   121 |   167 ||   288
Dodge: Dodged            |   100 |    29 |    19 ||   148
Block: Shield            |       |       |    37 ||    37
